 Dungeon Crawl Stone Soup version 0.24-a0-218-ga595e75 (webtiles) character file.

Game seed: 18144591757677566241

81 Hylith the Conjurer (level 4, -1/35 HPs)
             Began as a Draconian Conjurer on Mar 30, 2019.
             Killed from afar by an orc wizard (4 damage)
             ... with a magic dart
             ... on level 3 of the Dungeon.
             The game lasted 00:07:11 (1881 turns).

Hylith the Conjurer (Draconian Conjurer)            Turns: 1881, Time: 00:07:11

Health: -1/35      AC:  8    Str:  8 (11) XL:     4   Next: 20%
Magic:  1/7        EV: 17    Int: 13 (16) God:
Gold:   203        SH:  0    Dex: 14 (16) Spells: 6/7 levels left

rFire    + . .     SeeInvis .   e - +0 trident
rCold    + . .     Gourm    .   (no shield)
rNeg     . . .     Faith    .   (armour unavailable)
rPois    +         Spirit   .   (helmet restricted)
rElec    +         Reflect  .   (no cloak)
rCorr    +         Harm     .   (no gloves)
MR       .....                  k - +2 pair of boots {run}
Stlth    +++.......             m - amulet of magic regeneration
HPRegen  0.11/turn              (no ring)
MPRegen  0.35/turn              (no ring)

@: agile, resistant, quick
A: unfitting armour, cold-blooded, AC +5
a: no special abilities


You were on level 3 of the Dungeon.
You were hungry.

You visited 1 branch of the dungeon, and saw 3 of its levels.

You collected 203 gold pieces.

Inventory:

Hand Weapons
 e - a +0 trident (weapon)
 l - a +0 flail
Missiles
 a - 3 tomahawks
 d - 56 stones (quivered)
Armour
 k - a +2 pair of boots of running (worn)
Jewellery
 m - an amulet of magic regeneration (around neck)
Scrolls
 c - a scroll of enchant armour
 h - 2 scrolls of teleportation
 j - a scroll of fog {unknown}
Potions
 g - a potion of curing
Comestibles
 b - 3 rations
 f - 10 chunks of flesh


   Skills:
 * Level 1.5 Fighting
 - Level 2.1 Dodging
 - Level 2.1 Stealth
 - Level 2.0 Spellcasting
 + Level 5.1 Conjurations


You had 6 spell levels left.
You knew the following spells:

 Your Spells              Type           Power        Failure   Level  Hunger
a - Magic Dart            Conj           ##..         3%          1    ##.....

Your spell library contained the following spells:

 Spells                   Type           Power        Failure   Level  Hunger
 Searing Ray              Conj           ##....       4%          2    ###....
 Dazzling Spray           Conj/Hex       #.....       26%         3    ####...
 Iskenderun's Mystic Bla  Conj           ##......     30%         4    #####..
 Force Lance              Conj/Tloc      #.......     65%         4    #####..
 Fulminant Prism          Conj/Hex       #.........   65%         4    #####..


Dungeon Overview and Level Annotations

Branches:
Dungeon (3/15)

Altars:
Hepliaklqana


Innate Abilities, Weirdness & Mutations

Your plain brown scales are hard. (AC +5)
You cannot fit into any form of body armour.
You are cold-blooded and may be slowed by cold attacks.


Message History

The orc wizard hits you with a +0 dagger.
* * * LOW HITPOINT WARNING * * *
You miss the orc wizard.
The orc wizard is heavily wounded.
The orc wizard hits you with a +0 dagger.
* * * LOW HITPOINT WARNING * * *
The orc wizard completely misses you. The orc wizard misses you.
Things that are here:
a +0 falchion; a +0 short sword of venom; a kobold corpse
Casting: Magic Dart (safe; 3% risk of failure)
Confirm with . or Enter, or press ? or * to list all spells.
Aiming: Magic Dart (safe; 3% risk of failure)
Press: ? - help, Shift-Dir - straight line, f/p - orc wizard
Aim: an orc wizard, wielding a +0 dagger and wearing a +0 robe (heavily wounded, fast)
The magic dart hits the orc wizard but does no damage.
The orc wizard is heavily wounded.
The orc wizard points at you and mumbles some strange words.
The magic dart hits you.
You die...

....)...÷......## ...#
................# ...#
...÷.##..#......#####...#
.....##..#####..........#
.....##..# #..#........#
#######..#.....#....#...#
...####....#.#####..)...#
.....##.#.... ####......#
............#)#)@..#....#
#...........#(oo####...)#
....... ....#...# ###...#
....... ....... ##.#
...##.. .........# ##
....#.. .......... .....
.........#. .....
..#......#. ....
.........# #


You could see an orc wizard and an orc.

Vanquished Creatures
  An adder (D:2)
  A worm (D:2)
  A dart slug (D:1)
  5 leopard geckos
  12 orcs (D:3)
  5 goblins
  4 hobgoblins
  10 kobolds
  A quokka (D:2)
  2 bats
  4 frilled lizards (D:1)
  5 rats
51 creatures vanquished.

Notes
Turn   | Place    | Note
-------+----------+-------------------------------------------
     0 | D:1      | Hylith the Draconian Conjurer began the quest for the Orb.
     0 | D:1      | Reached XP level 1. HP: 14/14 MP: 3/3
   228 | D:1      | Reached XP level 2. HP: 7/22 MP: 0/5
   583 | D:1      | Identified a +0 pair of boots of running (You found it on
                  | level 1 of the Dungeon)
   945 | D:2      | Reached XP level 3. HP: 18/27 MP: 3/6
  1348 | D:2      | Reached skill level 1 in Fighting
  1438 | D:3      | Found a hazy altar of Hepliaklqana.
  1765 | D:3      | Reached skill level 5 in Conjurations
  1806 | D:3      | Reached XP level 4. HP: 35/35 MP: 4/7
  1881 | D:3      | Killed from afar by an orc wizard

Levels and vault maps discovered:
D:1:      eino_arrival_cavern_e, layout_basic, roderic_serpentine_path,
          grunt_decor_resistance
D:2:      layout_rooms, first_ration
D:3:      layout_rooms, nicolae_overflow_crystal_walls,
          chequers_ecumenical_altar_twisty

Skill      XL: |  1  2  3 |
---------------+----------+-----
Stealth        | 2 |  2.1
Dodging        | 2 |  2.1
Fighting       | 1 |  1.5
Conjurations   | 5 |  5.1
Spellcasting   | |  2.0

Action                   |  1- 3 |  4- 6 || total
-------------------------+-------+-------++-------
Melee: Dagger            |    91 |       ||    91
       Tailslap          |    12 |       ||    12
       Flail             |     4 |       ||     4
       Trident           |       |    12 ||    12
 Cast: Magic Dart        |    76 |    21 ||    97
  Use: Scroll            |     4 |       ||     4
       Potion            |       |     4 ||     4
  Eat: Chunk             |     4 |       ||     4
Armor: Skin              |    17 |     5 ||    22
Dodge: Dodged            |    65 |    11 ||    76

Table legend:
 A = Non-vault XP
 B = Vault XP
 C = Vault XP percentage of total XP
 D = Non-vault monster count
 E = Vault monster count
 F = Vault count percentage of total count
                 A         B        C        D         E       F
            +---------+---------+-------+---------+---------+-------
      Total |     117 |       0 |   0.0 |      51 |       0 |   0.0
            +---------+---------+-------+---------+---------+-------
        D:1 |      33 |       0 |   0.0 |      22 |       0 |   0.0
        D:2 |      32 |       0 |   0.0 |      10 |       0 |   0.0
        D:3 |      52 |       0 |   0.0 |      19 |       0 |   0.0
            +---------+---------+-------+---------+---------+-------
